 Dungeon Crawl Stone Soup version 0.31-a0-836-g3ceb0a68c4 (webtiles) character file.

Game seed: 434542287612632021

756 Kurtz the Cleaver (level 7, -3/70 HPs)
             Began as an Octopode Fighter on Sept 27, 2023.
             Was a Follower of Okawaru.
             Succumbed to an orc wizard's poison
             ... on level 5 of the Dungeon.
             The game lasted 00:03:19 (4330 turns).

Kurtz the Cleaver (Octopode Fighter)                Turns: 4330, Time: 00:03:20

Health: -3/70      AC: 23    Str: 12    XL:     7   Next: 79%
Magic:  3/8        EV:  2    Int: 10    God:    Okawaru [*.....]
Gold:   363        SH:  5    Dex: 17    Spells: 6/6 levels left

rFire   . . .        a - +0 war axe
rCold   . . .        b - +0 buckler
rNeg    . . .        (helmet currently unavailable)
rPois   +            w - amulet of guardian spirit
rElec   .            (no ring)
rCorr   .            (no ring)
SInv    .            (no ring)
Will    .....        (no ring)
Stlth   ++           (no ring)
HPRegen 0.31/turn    (no ring)
MPRegen 0.11/turn    (no ring)
                     (no ring)

%: guardian spirit
@: lethally poisoned (-3 -> -22), tree-form
A: stationary, stasis, torment immunity, boosted hp, almost no armour,
(amphibious), 8 rings, (camouflage 1), (gelatinous body 1), (nimble swimmer 1),
(tentacles), (tentacle spike 1), agile 1, weak 1
a: Renounce Religion, Heroism


You were on level 5 of the Dungeon.
You worshipped Okawaru.
Okawaru was aware of your devotion.
You were a tree.
You visited 1 branch of the dungeon, and saw 5 of its levels.
You also visited: Sewer.

You collected 363 gold pieces.

Inventory:

Hand Weapons
 a - a +0 war axe (weapon)
Missiles
 p - 3 javelins
 y - a throwing net (quivered)
 z - 4 poisoned darts
Armour
 b - a +0 buckler (worn)
Jewellery
 j - a ring of fire
 w - an amulet of guardian spirit (around neck)
Wands
 q - a wand of digging (9)
Scrolls
 e - a scroll of fear
 f - 2 scrolls of identify
 g - a scroll of immolation {unknown}
 i - 3 scrolls of revelation {unknown}
 k - a scroll of fog {unknown}
 m - 2 scrolls of poison {unknown}
 t - a scroll of blinking {unknown}
 u - 2 scrolls of enchant weapon {unknown}
 v - a scroll of teleportation {unknown}
 x - a scroll of vulnerability {unknown}
Potions
 c - 4 potions of might
 h - 2 potions of lignification
 l - 3 potions of degeneration
 r - 5 potions of enlightenment
 s - 2 potions of cancellation {unknown}


   Skills:
 * Level 3.8 Fighting
 * Level 8.0 Axes
 - Level 3.0 Dodging
 - Level 3.0 Shields
 * Level 1.8 Invocations


You had 6 spell levels left.
You didn't know any spells.
Your spell library contained the following spells:

 Spells                   Type           Power      Damage    Failure   Level
 Poisonous Vapours        Pois/Air       0%         N/A       61%         2
 Mephitic Cloud           Conj/Pois/Air  0%         N/A       83%         3
 Borgnjor's Vile Clutch   Necr/Erth      0%         N/A       100%        5
 Freezing Cloud           Conj/Ice/Air   0%         6-21      100%        5
 Animate Dead             Necr           Unusable   N/A       N/A         4
 Death Channel            Necr           Unusable   N/A       N/A         6

Dungeon Overview and Level Annotations

Branches:
Dungeon (5/15)             Temple (0/1) D:4           Sewer (visited)

Altars:
Dithmenos
Kikubaaqudgha
Nemelex Xobeh
Okawaru


Innate Abilities, Weirdness & Mutations

You are a tree.
Your roots penetrate the ground, keeping you stationary.
You cannot be teleported.
You are immune to unholy pain and torment.
Your maximum health is greatly increased.
You cannot wear most types of armour.
((You are amphibious.))
You can wear up to eight rings at the same time.
((Your skin changes colour to match your surroundings (Stealth+).))
((Your rubbery body absorbs attacks. (AC +1, EV +1)))
((You are camouflaged when in or above water. (Stealth+)))
((You have tentacles for arms and can constrict up to eight enemies at once.))
((One of your tentacles bears a spike.))
You are agile. (Dex +4, Str/Int -1)
You are weak. (Str -2)


Message History

A puff of flame appears from out of thin air!
The puff of flame hits you but does no damage.
Unknown command.
You closely miss something.
You feel very sick. You block something's attack.
You closely miss something.
You feel very sick. Something hits you but does no damage.
You are more poisoned.
You block something's attack.
You barely miss something.
You feel very sick. Something hits you but does no damage.
You hit something but do no damage.
You feel very sick.
You hear some strange, mumbled words.
A magic dart appears from out of thin air!
The magic dart hits you but does no damage.
You miss something.
You feel sick. Something hits you but does no damage.
You are lethally poisoned!
You closely miss something.
* * * LOW HITPOINT WARNING * * *
You feel very sick. Something hits you but does no damage.
You are more poisoned.
You barely miss something.
* * * LOW HITPOINT WARNING * * *
You feel very sick. Something hits you but does no damage.
You are more poisoned.
You slash something!
* * * LOW HITPOINT WARNING * * *
You feel extremely sick. Something hits you.
It was a potion of mutation.
You feel extremely strange.
You feel weaker.
One of your lower tentacles grows a sharp spike.
You feel agile.
You die...

#.###........†#
#.....(###.##.#
#####.........#
######.#### #.# #.# #
##.## ...##.#.######...#
.......o{♣)....#.#########
#..####.#####.............
#.) # ##...########. #..
##.## #..... #.. #.#
#.##.. #####.##### #.#
####'# #.........# ##'##
#.... #.#######.# ##...##
#.#.# #.# ##.....## #.._.


You could see an orc.

Vanquished Creatures
  Sigmund (D:2)
  3 scorpions
  2 iguanas
  A sleepcap (D:4)
  2 orc wizards (D:4)
  Robin (D:2)
  10 adders
  4 gnolls (D:5)
  3 river rats (Sewer)
  4 worms
  3 dart slugs
  6 orcs
  9 bats
  5 endoplasms
  A giant cockroach (D:3)
  15 goblins
  7 hobgoblins
  10 kobolds
  6 quokkas
  14 ball pythons
  4 frilled lizards
  5 rats
116 creatures vanquished.

Notes
Turn   | Place    | Note
-------+----------+-------------------------------------------
     0 | D:1      | Kurtz the Octopode Fighter began the quest for the Orb.
     0 | D:1      | Reached XP level 1. HP: 16/16 MP: 1/1
   240 | D:1      | Reached XP level 2. HP: 21/21 MP: 2/2
   664 | D:2      | Reached skill level 3 in Axes
   787 | D:2      | Noticed Sigmund
   791 | D:2      | Killed Sigmund
   792 | D:2      | Reached skill level 5 in Axes
   792 | D:2      | Reached XP level 3. HP: 10/26 MP: 3/3
   792 | D:2      | Reached XP level 4. HP: 12/31 MP: 4/4
   792 | D:2      | Reached XP level 5. HP: 14/36 MP: 5/5
   949 | D:2      | Noticed Robin
   960 | D:2      | Killed Robin
  1295 | D:2      | Reached skill level 6 in Axes
  1464 | D:3      | Reached XP level 6. HP: 38/42 MP: 6/6
  1790 | D:3      | Found an iron altar of Okawaru.
  1804 | D:3      | Became a worshipper of Warmaster Okawaru
  2169 | D:3      | Found a shadowy altar of Dithmenos.
  2169 | D:3      | Found a sparkling altar of Nemelex Xobeh.
  2638 | D:4      | Found a glowing drain.
  2667 | Sewer    | Entered a sewer
  3332 | D:4      | Reached skill level 7 in Axes
  3332 | D:4      | Reached skill level 1 in Invocations
  3332 | D:4      | Reached XP level 7. HP: 42/46 MP: 7/7
  3563 | D:4      | Found a staircase to the Ecumenical Temple.
  3627 | D:5      | Entered Level 5 of the Dungeon
  3902 | D:5      | Reached * piety under Okawaru
  4129 | D:5      | Reached skill level 8 in Axes
  4259 | D:5      | Found an ancient bone altar of Kikubaaqudgha.
  4329 | D:5      | HP: 2/70 [poisoned by an orc wizard]
  4330 | D:5      | Gained mutation: You are weak. (Str -2) [potion of
                  | mutation]
  4330 | D:5      | Gained mutation: One of your tentacles bears a spike.
                  | [potion of mutation]
  4330 | D:5      | Gained mutation: You are agile. (Dex +4, Str/Int -1)
                  | [potion of mutation]
  4330 | D:5      | Succumbed to an orc wizard's poison

Illustrated notes

Levels and vault maps discovered:
D:1:      wander_arrival_peaceful_grave, layout_loops_ring
D:2:      layout_loops_ring, uniq_sigmund, uniq_robin
D:3:      layout_basic, kennysheep_okawaru_gauntlet,
          gammafunk_temple_overflow_elements
D:4:      layout_basic, minmay_temple_entry_mist, portal_sewer_entry_d
D:5:      layout_loops_corners, nicolae_sif_muna_little_library,
          kennysheep_little_box

Skill      XL: |  1  2  3  4  5  6  7 |
---------------+----------------------+-----
Axes           | 5 6 7 8 |  8.0
Invocations    | 1 |  1.8
Fighting       | |  3.8
Dodging        | |  3.0
Shields        | |  3.0

Action                     |  1- 3 |  4- 6 |  7- 9 || total
---------------------------+-------+-------+-------++-------
  Melee: War axe           |    22 |   121 |    61 ||   204
         Constrict         |     6 |    29 |    16 ||    51
         Tentacles         |     5 |    19 |    12 ||    36
         Punch             |       |     1 |       ||     1
  Throw: Javelin           |       |       |     2 ||     2
         Throwing net      |       |       |     1 ||     1
    Use: Scroll            |       |     1 |       ||     1
         Potion            |       |       |     6 ||     6
   Stab: Sleeping          |     2 |    14 |       ||    16
 Armour: Skin              |     8 |    49 |    41 ||    98
  Dodge: Dodged            |    10 |    73 |    24 ||   107
  Block: Buckler           |     8 |    23 |     7 ||    38

Table legend: (Time is in decaauts)
 A = Elapsed time spent in this place.
 B = Non-inter-level travel time spent in this place.
 C = Inter-level travel time spent in this place.
 D = Time resting spent in this place.
 E = Time spent auto-exploring this place.
 F = Levels seen in this place.
 G = Mean time per level.
                   A        B        C        D        E       F      G
               +--------+--------+--------+--------+--------+-----+--------+
         Total |   4374 |   4166 |    208 |    313 |   3067 |   6 |  729.0 |
       Dungeon |   3916 |   3708 |    208 |    274 |   2806 |   5 |  783.2 |
         Sewer |    457 |    457 |      0 |     39 |    261 |   1 |  457.0 |
               +--------+--------+--------+--------+--------+-----+--------+

Top non-repeatable levels by time:
     D:3: 1085 daAuts
     D:2: 798 daAuts
     D:4: 705 daAuts
     D:5: 674 daAuts
     D:1: 654 daAuts
   Sewer: 457 daAuts
